Map: Thunderbird LE

Players

WindigoBly (Bly)

  • Race: Zerg Zerg
  • League: Grandmaster
  • Spawn Location: 5:00

llllllllllll (Stats) - Winner!

  • Race: Protoss Protoss
  • League: Master
  • Spawn Location: 11:00

Event: 2019 Assembly Summer

VOD

Have the link to the VOD?

Description

Time

  • Played on: Aug. 1, 2019, 12:31 p.m.
  • Length: 6:05

All games in this series

Show
View Real Time Build Order
Export as new Build Order

WindigoBly Zerg 

Build Orders: Hatch First 

Get SALT Encoding   

  12  0:01  Drone  
  13  0:12  Overlord  
  13  0:18  Drone  
  14  0:36  Drone x3  
  17  1:02  Hatchery  
  16  1:19  Drone  
  16  1:23  Spawning Pool  
  16  1:28  Drone x2  
  16  1:31  Extractor  
  17  1:33  Extractor  
  16  1:40  Drone  
  18  2:11  Zergling x6  
  21  2:18  Zergling x2  
  22  2:25  Queen  
  22  2:27  Overlord  
  24  2:31  Metabolic Boost  
  24  2:35  Zergling x4  
  26  2:37  Zergling x2  
  26  2:40  Spine Crawler x2  
  25  2:47  Zergling x2  
  26  2:53  Spine Crawler  
  24  3:09  Spine Crawler  
  24  3:10  Zergling x10  
  27  3:23  Queen, Zergling x4  
  29  3:37  Zergling x8  
  31  3:47  Zergling x2  
  31  3:48  Zergling x4  
  30  3:58  Zergling x2  
  27  4:10  Zergling x10  
  27  4:14  Zergling x2  
  31  4:20  Queen  
  29  4:34  Zergling x8  
  31  4:40  Zergling x2  
  31  4:41  Zergling x2  
  31  4:44  Zergling x2  
  30  4:48  Zergling x2  
  30  4:53  Zergling x2  
  30  4:58  Zergling x2  
  32  5:04  Zergling x4  
  34  5:13  Zergling x4  
  31  5:17  Zergling x4  
  27  5:23  Zergling x4  
  27  5:27  Zergling x2  
  26  5:47  Zergling x4  
Show
View Real Time Build Order
Export as new Build Order

llllllllllll Protoss - Winner!

Build Orders: 1 Gate Expand 

Get SALT Encoding   

  12  0:00  Probe  
  13  0:12  Probe  
  14  0:19  Pylon  
  14  0:24  Probe  
  15  0:33  Probe  
  15  0:41  Probe  
  16  0:43  Gateway  
  16  0:46  Assimilator  
  17  0:52  Probe  
  18  1:04  Probe  
  19  1:16  Probe  
  20  1:24  Pylon  
  20  1:28  Probe  
  21  1:35  Nexus  
  21  1:42  Cybernetics Core  
  21  1:46  Probe  
  22  1:53  Zealot  
  24  1:58  Probe  
  24  2:00  Assimilator  
  25  2:10  Probe, Stalker  
  28  2:23  Shield Battery  
  28  2:29  Gateway  
  28  2:32  Stalker  
  30  2:44  Shield Battery  
  30  2:54  Stalker  
  30  2:59  Shield Battery  
  30  3:01  Shield Battery  
  30  3:03  Warp Gate  
  32  3:09  Shield Battery  
  32  3:15  Stalker  
  34  3:22  Stalker  
  36  3:38  Stalker  
  38  3:52  Stalker  
  38  3:58  Stalker  
  38  3:59  Shield Battery  
  38  4:00  Shield Battery  
  38  4:16  Shield Battery  
  38  4:19  Robotics Facility  
  42  4:44  Probe x2  
  40  4:53  Sentry x2  
  40  4:56  Probe x2  
  46  5:05  Pylon  
  46  5:06  Pylon  
  46  5:13  Immortal  
  46  5:21  Stalker x2  
  40  5:25  Probe x2  
  48  5:37  Probe x2  
  50  5:44  Shield Battery  
  50  5:46  Sentry x2  
  50  5:49  Probe  
  56  5:50  Probe  
Tags
 
Add a new tag
Caveats
  • Supply blocks, unpowered buildings, or Contaminate may cause inaccurate times.
  • Supply counts are checked every 10 seconds.